 Dungeon Crawl Stone Soup version 0.26-a0-651-gb41185065b (webtiles) character file.

Game seed: 11801634245183926648

278 kae the Chiller (level 6, -5/41 HPs)
             Began as a Merfolk Ice Elementalist on Oct 12, 2020.
             Slain by a centaur skeleton (6 damage)
             ... on level 4 of the Dungeon.
             The game lasted 00:02:47 (3479 turns).

kae the Chiller (Merfolk Ice Elementalist)          Turns: 3479, Time: 00:02:47

Health: -5/41      AC:  2    Str:  9    XL:     6   Next: 26%
Magic:  4/12       EV: 13    Int: 16    God:
Gold:   140        SH:  0    Dex: 14    Spells: 12/13 levels left

rFire    . . .     SeeInvis .   g - +1 whip
rCold    . . .     Faith    .   (no shield)
rNeg     . . .     Spirit   .   a - +0 robe
rPois    .         Reflect  .   (no helmet)
rElec    .         Harm     .   (no cloak)
rCorr    .         Rampage  .   (no gloves)
MR       .....                  (no boots)
Stlth    ++........             (no amulet)
HPRegen  0.13/turn              d - ring of wizardry
MPRegen  0.13/turn              (no ring)

@: no status effects
A: change form in water, swift swim, stealthy swim
a: no special abilities


You were on level 4 of the Dungeon.
You visited 1 branch of the dungeon, and saw 4 of its levels.

You collected 140 gold pieces.

Inventory:

Hand Weapons
 g - a +1 whip (weapon)
Armour
 a - a +0 robe (worn)
Jewellery
 d - a ring of wizardry (left hand)
 i - an uncursed ring of magical power {unknown}
Scrolls
 b - a scroll of immolation {unknown}
 h - 3 scrolls of teleportation
 l - a scroll of fear {unknown}
Potions
 c - a potion of stabbing
 e - a potion of berserk rage
 f - 2 potions of lignification {unknown}
 j - a potion of curing
 k - 2 potions of heal wounds {unknown}


   Skills:
 - Level 2.6 Dodging
 - Level 2.1 Stealth
 * Level 4.3 Spellcasting
 * Level 6.5 Ice Magic


You had 12 spell levels left.
You knew the following spells:

 Your Spells              Type           Power        Failure   Level
a - Freeze                Ice            ###.         1%          1

Your spell library contained the following spells:

 Spells                   Type           Power        Failure   Level
 Frozen Ramparts          Ice            ###...       1%          3
 Ozocubu's Armour         Ice            ###.....     1%          3
 Ensorcelled Hibernation  Hex/Ice        ##....       2%          2
 Corona                   Hex            #......      6%          1
 Hailstorm                Conj/Ice       ##......     16%         4
 Summon Ice Beast         Ice/Summ       ##......     16%         4
 Confusing Touch          Hex            #.......     19%         3
 Dazzling Flash           Conj/Hex       #.....       19%         3
 Tukima's Dance           Hex            #.......     19%         3


Dungeon Overview and Level Annotations

Branches:
Dungeon (4/15)
 Temple: D:4-7

Altars:

Annotations:
D:3 1 transporter
D:4 exclusion: ogre


Message History

You hit the centaur skeleton.
The centaur skeleton is moderately damaged.
The centaur skeleton closely misses you.
You hit the centaur skeleton.
The centaur skeleton is heavily damaged.
The centaur skeleton closely misses you.
The centaur skeleton hits you.
You hit the centaur skeleton.
The centaur skeleton is severely damaged.
The centaur skeleton hits you.
You hit the centaur skeleton.
The centaur skeleton is severely damaged.
The centaur skeleton hits you.
* * * LOW HITPOINT WARNING * * *
The centaur skeleton hits you!
* * * LOW HITPOINT WARNING * * *
You hit the centaur skeleton.
The centaur skeleton is almost destroyed.
The centaur skeleton hits you.
You die...

#..##..#..###...####.
#....................
#..##................ #..
#..#..###.....##.
#####..##.......#...#.##.
#.....................##.
#.....................(..
#####.)##)##..#....#.###.
#...@Z.........#. #.
#..##.##..### .. #.o #.#
.# ##. #.. ... .. .. ##.
.... .. #. #.##. . #.# ..
.. ..


You could see a centaur skeleton.

Vanquished Creatures
  A howler monkey (D:2)
  A hound (D:3)
  An orc wizard (D:4)
  An orc priest (D:4)
  A worker ant (D:4)
  6 adders
  2 oozes (D:1)
  2 worms (D:2)
  5 orcs
  8 bats
  3 giant cockroaches
  4 goblins
  4 hobgoblins
  4 jackals (D:1)
  3 kobolds (D:2)
  3 quokkas (D:2)
  9 rats
58 creatures vanquished.

Vanquished Creatures (others)
  3 plants (D:3)
3 creatures vanquished.

Grand Total: 61 creatures vanquished

Notes
Turn   | Place    | Note
-------+----------+-------------------------------------------
     0 | D:1      | kae the Merfolk Ice Elementalist began the quest for the
                  | Orb.
     0 | D:1      | Reached XP level 1. HP: 13/13 MP: 3/3
   191 | D:1      | Reached XP level 2. HP: 3/19 MP: 0/5
   768 | D:1      | Reached XP level 3. HP: 24/24 MP: 3/6
   876 | D:1      | Reached skill level 5 in Ice Magic
  1708 | D:2      | Reached XP level 4. HP: 18/30 MP: 3/9
  2096 | D:2      | Reached XP level 5. HP: 13/35 MP: 3/10
  2307 | D:2      | Found a faded altar of an unknown god.
  2988 | D:3      | Reached skill level 6 in Ice Magic
  3239 | D:3      | Found a transporter.
  3253 | D:3      | You fall into a shaft and drop 1 floor!
  3268 | D:4      | Noticed an ogre
  3451 | D:4      | Reached XP level 6. HP: 36/41 MP: 7/12
  3478 | D:4      | HP: 1/41 [centaur skeleton (8)]
  3479 | D:4      | Slain by a centaur skeleton

Illustrated notes

Levels and vault maps discovered:
D:1:      matt_arrival_refuge, layout_basic, minmay_strange_pillars
D:2:      layout_basic, chequers_ecumenical_altar_twisty
D:3:      layout_loops_cross, amethyst_overflow_temple_binary,
          nemelex_xobeh_ov_fountains_minmay, gammafunk_ghost_stat_death,
          serial_bayou_pond_a, minmay_liquid_box, uniq_crazy_yiuf_cottage,
          uniq_ijyb, uniq_terence
D:4:      layout_basic, minmay_between

Skill      XL: |  1  2  3  4  5 |
---------------+----------------+-----
Ice Magic      | 5 6 |  6.5
Spellcasting   | 3 4 |  4.3
Dodging        | |  2.6
Stealth        | |  2.1

Action                   |  1- 3 |  4- 6 || total
-------------------------+-------+-------++-------
Melee: Unarmed           |     9 |       ||     9
       Whip              |     9 |    44 ||    53
 Cast: Freeze            |    45 |    57 ||   102
  Use: Scroll            |     4 |     3 ||     7
       Potion            |     2 |       ||     2
 Stab: Sleeping          |     1 |     1 ||     2
Armor: Robe              |     8 |    10 ||    18
Dodge: Dodged            |    27 |    63 ||    90

Table legend: (Time is in decaauts)
 A = Elapsed time spent in this place.
 B = Non-inter-level travel time spent in this place.
 C = Inter-level travel time spent in this place.
 D = Time resting spent in this place.
 E = Time spent auto-exploring this place.
 F = Levels seen in this place.
 G = Mean time per level.
                   A        B        C        D        E       F      G
               +--------+--------+--------+--------+--------+-----+--------+
         Total |   3463 |   3421 |     42 |    324 |   2705 |   4 |  865.8 |
       Dungeon |   3463 |   3421 |     42 |    324 |   2705 |   4 |  865.8 |
               +--------+--------+--------+--------+--------+-----+--------+

Top non-repeatable levels by time:
     D:2: 1623 daAuts
     D:1: 1299 daAuts
     D:3: 312 daAuts
     D:4: 227 daAuts
